 Dungeon Crawl Stone Soup version 0.31.0-12-g77e489cdc1 (webtiles) character file.

Game seed: 992345331013690154

438 booth the Purveyor of Pain (level 6, -5/41 HPs)
             Began as a Demonspawn Necromancer on Feb 11, 2024.
             Was an Initiate of Kikubaaqudgha.
             Slain by an unseen horror (8 damage)
             ... on level 5 of the Dungeon on Feb 12, 2024.
             The game lasted 00:37:27 (4688 turns).

booth the Purveyor of Pain (Demonspawn Necromancer) Turns: 4688, Time: 00:37:28

Health: -5/41      AC:  5    Str: 10    XL:     6   Next: 69%
Magic:  9/11       EV: 12    Int: 15    God:    Kikubaaqudgha [......]
Gold:   231        SH:  4    Dex: 14    Spells: 1/11 levels left

rFire   . . .        g - +2 short sword (vamp)
rCold   . . .        (no shield)
rNeg    . . .        h - +0 leather armour
rPois   .            (helmet restricted)
rElec   .            (no cloak)
rCorr   .            i - +0 pair of gloves
SInv    .            (no boots)
Will    .....        t - amulet of faith
Stlth   ++           (no ring)
HPRegen 0.26/turn    (no ring)
MPRegen 0.24/turn

%: faith
@: no status effects
A: horns 1, magic regeneration, sharp scales 1, condensation shield
a: Renounce Religion


You were on level 5 of the Dungeon.
You worshipped Kikubaaqudgha.
Kikubaaqudgha was noncommittal.
You visited 2 branches of the dungeon, and saw 6 of its levels.

You collected 231 gold pieces.

Inventory:

Hand Weapons
 e - a +2 dagger of protection
 g - a +2 vampiric short sword (weapon)
Missiles
 A - 6 silver javelins
Armour
 c - a +0 ring mail
 h - a +0 leather armour (worn)
 i - a +0 pair of gloves (worn)
 s - a +0 ring mail
 C - a +2 chain mail of willpower
Jewellery
 t - an amulet of faith (around neck)
 w - a ring of flight
 F - a +5 ring of evasion
Scrolls
 a - 2 scrolls of amnesia
 d - a scroll of torment
 k - 4 scrolls of immolation
 m - a scroll of blinking
 o - a scroll of acquirement {unknown}
 q - a scroll of fear {unknown}
 u - 3 scrolls of poison
 v - 2 scrolls of noise {unknown}
 x - 2 scrolls of vulnerability
 y - a scroll of enchant armour {unknown}
 z - 2 scrolls of teleportation {unknown}
 D - a scroll of fog {unknown}
Potions
 b - a potion of magic
 f - 2 potions of mutation
 j - a potion of enlightenment
 l - a potion of berserk rage
 n - a potion of curing
 p - a potion of resistance
 r - a potion of haste {unknown}
 B - a potion of might {unknown}
 G - a potion of brilliance {unknown}


   Skills:
 + Level 3.2 Dodging
 + Level 3.5 Stealth
 + Level 3.4 Spellcasting
 * Level 6.5 Necromancy


You had one spell level left.
You knew the following spells:

 Your Spells              Type           Power      Damage    Failure   Level
a - Necrotise             Necr           88%        1d8       1%          1
b - Vampiric Draining     Necr           22%        2d7       5%          3
c - Animate Dead          Necr           22%        N/A       17%         4
d - Cigotuvi's Dreadful   Necr/Alch/Air  18%        N/A       16%         2

Your spell library contained the following spells:

 Spells                   Type           Power      Damage    Failure   Level
 Curse of Agony           Necr           22%        N/A       43%         5
 Martyr's Knell           Necr/Summ      12%        N/A       56%         4
 Hailstorm                Conj/Ice       2%         3d5       61%         3
 Summon Ice Beast         Ice/Summ       2%         N/A       61%         3
 Volatile Blastmotes      Fire/Tloc      4%         2d10      61%         3
 Fulminant Prism          Conj/Alch      1%         3d5       95%         4
 Iskenderun's Mystic Bla  Conj/Tloc      2%         2d3       95%         4
 Sculpt Simulacrum        Ice/Alch       1%         N/A       100%        6
 Infestation              Necr           11%        N/A       100%        8


Dungeon Overview and Level Annotations

Branches:
Dungeon (5/15)             Temple (1/1) D:5

Altars:
Ashenzari
Cheibriados
Dithmenos
Fedhas
Gozag
Kikubaaqudgha
Makhleb
Nemelex Xobeh
Okawaru
Qazlal
Sif Muna
Trog
Uskayaw
Vehumet
Wu Jian
Xom
Yredelemnul

Shops:
D:2 (   D:3 :   D:4 *


Innate Abilities, Weirdness & Mutations

You have a pair of small horns on your head.
You regenerate magic rapidly.
You are partially covered in razor-sharp scales. (AC +1, Slay +1)
A meltable shield of frost defends you. (SH +4)


Message History

Something hits you!
* * * LOW HITPOINT WARNING * * *
Casting: Necrotise (safe; 1% risk of failure)
Confirm with . or Enter, or press ? or * to list all spells.
Aiming: Necrotise (safe; 1% risk of failure)
Press: ? - help, Shift-Dir - straight line Nothing appears to happen.
Magic restored.
You block something's attack.
Casting: Necrotise (safe; 1% risk of failure)
Confirm with . or Enter, or press ? or * to list all spells.
Aiming: Necrotise (safe; 1% risk of failure)
Press: ? - help, Shift-Dir - straight line Nothing appears to happen.
Something completely misses you. Something hits you.
Something barely misses you. Something hits you.
You closely miss something. Something hits you but does no damage.
Something hits you.
* * * LOW HITPOINT WARNING * * *
Casting: Necrotise (safe; 1% risk of failure)
Confirm with . or Enter, or press ? or * to list all spells.
Aiming: Necrotise (safe; 1% risk of failure)
Press: ? - help, Shift-Dir - straight line Something writhes in agony.
Something hits you but does no damage.
Casting: Necrotise (safe; 1% risk of failure)
Confirm with . or Enter, or press ? or * to list all spells.
Aiming: Necrotise (safe; 1% risk of failure)
Press: ? - help, Shift-Dir - straight line Nothing appears to happen.
Something hits you.
* * * LOW HITPOINT WARNING * * *
Something hits you.
* * * LOW HITPOINT WARNING * * *
Casting: Necrotise (safe; 1% risk of failure)
Confirm with . or Enter, or press ? or * to list all spells.
Aiming: Necrotise (safe; 1% risk of failure)
Press: ? - help, Shift-Dir - straight line Something writhes in agony!
Something hits you!
You die...
Kikubaaqudgha rasps: "You have failed me!
Welcome... death!"

+### #...##.....§.##
.⌠#####.##?.#.###..#
>.'.....## #. #..##
.⌠####### ## #.##
'### ### #..## .###
#.# ##..# .#
#.########.##.# .#
#...#.#.#.##..#
%#####.#[......{@.##
.......############
#......# #......#
#.....># ######## #
# #


There were no monsters in sight!

Vanquished Creatures
  An orc priest (D:3)
  2 hounds (D:5)
  A jelly (D:5)
  2 iguanas
  An orc wizard (D:3)
  8 gnolls
  3 adders
  2 ribbon worms
  2 dart slugs
  4 orcs (D:3)
  6 bats
  5 endoplasms
  2 giant cockroaches
  2 goblins
  3 hobgoblins
  5 jackals (D:1)
  6 kobolds
  4 quokkas
  4 ball pythons
  3 frilled lizards
  8 rats
74 creatures vanquished.

Vanquished Creatures (collateral kills)
  A bombardier beetle (D:5)
  A jelly (D:5)
  A jackal (D:1)
  A ball python (D:1)
4 creatures vanquished.

Vanquished Creatures (others)
  An iguana zombie (D:5)
  2 gnoll zombies (D:4)
  An orc zombie (D:3)
4 creatures vanquished.

Grand Total: 82 creatures vanquished

Notes
Turn   | Place    | Note
-------+----------+-------------------------------------------
     0 | D:1      | booth the Demonspawn Necromancer began the quest for the
                  | Orb.
     0 | D:1      | Reached XP level 1. HP: 13/13 MP: 3/3
   203 | D:1      | Gained mutation: A meltable shield of frost defends you.
                  | (SH +4) [demonic ancestry]
   203 | D:1      | Reached XP level 2. HP: 19/19 MP: 1/5
  1126 | D:2      | Gained mutation: You are partially covered in razor-sharp
                  | scales. (AC +1, Slay +1) [demonic ancestry]
  1126 | D:2      | Reached XP level 3. HP: 11/24 MP: 1/6
  1194 | D:2      | Found Wiamp's Weapon Boutique.
  1203 | D:2      | Reached skill level 5 in Necromancy
  1269 | D:2      | Found a hide-covered altar of Uskayaw.
  1384 | D:2      | Learned a level 3 spell: Vampiric Draining
  1542 | D:2      | Gained mutation: You have a pair of small horns on your
                  | head. [demonic ancestry]
  1542 | D:2      | Reached XP level 4. HP: 23/30 MP: 3/7
  1643 | D:2      | Learned a level 4 spell: Animate Dead
  1889 | D:3      | Found Dyjirreq's Vocational Training.
  2011 | D:3      | Reached XP level 5. HP: 16/35 MP: 9/9
  2334 | D:3      | Found a faded altar of an unknown god.
  2781 | D:4      | Found Myngaun's Assorted Antiques.
  3231 | D:4      | Identified the +2 dagger "Qaigeyv" {heavy, rElec rN+}
  3255 | D:4      | Found a broken altar of Ashenzari.
  3330 | D:4      | Got the Exposition on Iniquitous Magicks
  3454 | D:4      | Reached skill level 6 in Necromancy
  3874 | D:5      | Entered Level 5 of the Dungeon
  3904 | D:5      | Found a staircase to the Ecumenical Temple.
  3910 | Temple   | Entered the Ecumenical Temple
  3916 | Temple   | Became a worshipper of Kikubaaqudgha
  4006 | D:5      | Found a hide-covered altar of Uskayaw.
  4006 | D:5      | Noticed a +0 hand axe
  4006 | D:5      | Noticed a +0 dagger
  4022 | D:5      | Gained mutation: You regenerate magic rapidly. [demonic
                  | ancestry]
  4022 | D:5      | Reached XP level 6. HP: 41/41 MP: 6/10
  4099 | D:5      | Learned a level 2 spell: Cigotuvi's Dreadful Rot
  4260 | D:5      | Found a bloodstained altar of Trog.
  4586 | D:5      | HP: 1/41 [something (8)]
  4688 | D:5      | Slain by an unseen horror

Illustrated notes

Levels and vault maps discovered:
D:1:      saegor_arrival_simple_a, layout_loops_cross, serial_rivers,
          chequers_serial_rivers_room_b, chequers_serial_rivers_large_b,
          chequers_serial_rivers_small_a, chequers_serial_rivers_room_a,
          chequers_serial_rivers_room_a
D:2:      layout_rooms, basic_altar, serial_shops,
          nicolae_shop_bloodbath_and_beyond
D:3:      layout_basic, hellmonk_ecumenical_altar_blasted,
          nicolae_shop_vocational
D:4:      layout_basic, ashenzari_conservatory_becter, serial_shops,
          nicolae_shop_gibbet_a_chance
D:5:      nicolae_cairo_tiling_large, layout_rooms, dancing_weapons_uskayaw,
          bloody_trog, temple_doors_e, chequers_decorated_corner, st_stairs_8,
          minmay_small_thing
Temple:   sentei_temple_godly_chess

Skill      XL: |  1  2  3  4  5 |
---------------+----------------+-----
Stealth        | 2 3 |  3.5
Dodging        | 2 3 |  3.2
Necromancy     | 5 6 |  6.5
Spellcasting   | 3 |  3.4

Action                     |  1- 3 |  4- 6 || total
---------------------------+-------+-------++-------
  Melee: Unarmed           |    24 |       ||    24
         Dagger            |     8 |       ||     8
         Short sword       |    17 |   142 ||   159
         Headbutt          |       |    26 ||    26
         Punch             |       |     1 ||     1
   Cast: Necrotise         |    44 |    27 ||    71
         Animate Dead      |       |     4 ||     4
         Vampiric Draining |       |     1 ||     1
    Use: Scroll            |     3 |    10 ||    13
         Potion            |       |     2 ||     2
 Armour: Robe              |    11 |       ||    11
         Leather armour    |    14 |    84 ||    98
  Dodge: Dodged            |    30 |    68 ||    98
  Block: Other             |     6 |    22 ||    28
